 Dungeon Crawl Stone Soup version 0.16.1-16-gc44b35d (webtiles) character file.

394 HAL9000jb88 the Poker (level 6, -4/52 HPs)
             Began as a Minotaur Gladiator on Apr 17, 2015.
             Killed from afar by Ijyb (18 damage)
             ... with a wand of cold
             ... on level 6 of the Dungeon.
             The game lasted 00:47:38 (2856 turns).

HAL9000jb88 the Poker (Minotaur Gladiator)          Turns: 2856, Time: 00:47:38

Health: -4/52      AC: 13    Str: 21    XL:     6   Next: 52%
Magic:  12/12      EV:  7    Int:  5    God:
Gold:   166        SH:  0    Dex: 11    Spells: 0 memorised, 5 levels left

rFire  . . .     SeeInvis .     t - -3 spear (curse)
rCold  . . .     Clarity  .     v - +0 plate armour
rNeg   . . .     SustAb   .     (no shield)
rPois  .         Gourm    .     c - +0 hat
rElec  .         Spirit   .     p - +1 cloak
rCorr  .         Warding  .     (no gloves)
rMut   .         Stasis   .     (no boots)
MR     .....                    r - amulet of regeneration
Stlth  ..........               (no ring)
                                k - ring of magical power

@: not resistant to hostile enchantments, extremely unstealthy
A: retaliatory headbutt, horns 2
a: no special abilities


You were on level 6 of the Dungeon.
You were not hungry.

You visited 1 branch of the dungeon, and saw 4 of its levels.

You collected 166 gold pieces.

Inventory:

Hand weapons
 a - a +1 hunting sling of flaming
 b - a +0 spear
 e - a +4 quarterstaff of chaos
 j - a +0 hammer
 n - a +0 short sword of venom
 s - a +1 mace of crushing
 t - a cursed -3 spear (weapon)
 u - a +3 flail
 w - a +0 blowgun
 A - a +0 whip
Missiles
 l - 33 sling bullets
 o - 22 arrows
 q - a tomahawk (quivered)
 x - 50 poisoned needles
Armour
 c - a +0 hat (worn)
 g - a +0 cloak
 p - a +1 cloak (worn)
 v - a +0 plate armour (worn)
Jewellery
 k - a ring of magical power (left hand)
 r - an amulet of regeneration (around neck)
 y - an uncursed ring of fire
Magical devices
 d - a wand of enslavement (0)
Books
 B - an Akashic Record {highlevel, unknown}

   This book is beyond your current level of understanding.

   Spells                             Type                      Level
   a - Dispersal                      Translocation                6
   b - Controlled Blink               Translocation                7
   c - Malign Gateway                 Summoning/Translocation      7
   d - Disjunction                    Translocation                8
   e - Singularity                    Translocation                9
Comestibles
 f - 3 bread rations
 h - 4 chunks of flesh
 m - 2 meat rations
 z - a beef jerky


   Skills:
 + Level 4.1 Fighting
 + Level 0.5 Maces & Flails
 + Level 5.7 Polearms
 + Level 2.6 Throwing
 + Level 3.1 Armour
 + Level 4.3 Dodging
 + Level 1.6 Stealth


You had 5 spell levels left.
You didn't know any spells.

Dungeon Overview and Level Annotations

Branches:
Dungeon (6/15)
 Temple: D:4-7

Altars:
Cheibriados
Kikubaaqudgha
Qazlal
The Shining One

Annotations:
D:6 Ijyb


Innate Abilities, Weirdness & Mutations

You reflexively headbutt those who attack you in melee.
You have a pair of horns on your head.


Message History

Ijyb is heavily wounded.
Ijyb hits you.
* * * LOW HITPOINT WARNING * * *
You barely miss Ijyb. Your headbutt misses Ijyb.
Ijyb is heavily wounded.
You closely miss Ijyb.
Ijyb is heavily wounded.
Ijyb barely misses you.
You barely miss Ijyb. Your headbutt misses Ijyb.
Ijyb is heavily wounded.
Ijyb hits you but does no damage.
You hit Ijyb but do no damage. You headbutt Ijyb.
Ijyb is heavily wounded.
Ijyb hits you but does no damage.
You closely miss Ijyb.
Ijyb is heavily wounded.
Your plate armour prevents you from hitting Ijyb.
Ijyb is heavily wounded.
Ijyb zaps a wand.
The bolt of cold hits you!
You die...

#.#
###.#####.
#(# #.# #.
#.# #.# #.
#.#
##.#####.
#.#
#........
#.#
#.#######
#(# #.#
#g# #.#
#@# #.#
##.# #.#
#..# #.##
#.## #..#
#.# ##.#
#.# #.#
#.#
#.######
#.#
#.......
#.#
########


You could see Ijyb.

Vanquished Creatures
  The ghost of raikaria the Stinger, an average DrVM (D:3)
  A giant frog (D:6)
  Crazy Yiuf (D:2)
  An orc wizard (D:6)
  5 adders
  6 gnolls
  3 worms
  A giant gecko (D:2)
  3 orcs (D:6)
  6 bats
  A giant cockroach (D:3)
  7 goblins
  14 hobgoblins
  4 jackals
  3 quokkas
  A ball python (D:1)
  2 giant newts
  10 kobolds
  12 rats
82 creatures vanquished.

Notes
Turn   | Place    | Note
--------------------------------------------------------------
     0 | D:1      | HAL9000jb88, the Minotaur Gladiator, began the quest for the Orb.
     0 | D:1      | Reached XP level 1. HP: 18/18 MP: 1/1
   211 | D:1      | Reached XP level 2. HP: 19/25 MP: 1/1
   275 | D:1      | Reached skill level 4 in Polearms
   521 | D:1      | Reached XP level 3. HP: 16/30 MP: 2/2
   937 | D:2      | Reached skill level 1 in Armour
   969 | D:2      | Found a snail-covered altar of Cheibriados.
   974 | D:2      | Reached XP level 4. HP: 36/38 MP: 2/2
  1474 | D:2      | Noticed Crazy Yiuf
  1517 | D:2      | Killed Crazy Yiuf
  1517 | D:2      | Reached skill level 5 in Polearms
  1517 | D:2      | Reached XP level 5. HP: 5/45 MP: 2/2
  1745 | D:3      | Reached skill level 1 in Stealth
  2126 | D:3      | Noticed raikaria's ghost (average DrVM)
  2153 | D:3      | Killed raikaria's ghost
  2153 | D:3      | Reached XP level 6. HP: 41/52 MP: 3/3
  2168 | D:3      | Found a glowing golden altar of the Shining One.
  2170 | D:3      | Found an ancient bone altar of Kikubaaqudgha.
  2390 | D:3      | Found a stormy altar of Qazlal.
  2421 | D:3      | You fall through a shaft!
  2841 | D:6      | Noticed Ijyb
  2856 | D:6      | Killed from afar by Ijyb

Action                   |  1- 3 |  4- 6 || total
-------------------------+-------+-------++-------
Melee: Trident           |    67 |       ||    67
       Mace              |     2 |     9 ||    11
       Spear             |       |   260 ||   260
Throw: Throwing net      |     3 |     6 ||     9
       Tomahawk          |       |     2 ||     2
  Use: Scroll            |     1 |     9 ||    10
       Potion            |       |     7 ||     7
 Stab: Held in net/web   |     2 |     4 ||     6
  Eat: Chunk             |       |     3 ||     3
       Meat ration       |       |     1 ||     1
